 Dungeon Crawl Stone Soup version 0.19.4 (webtiles) character file.

82 vatarom the Insei (level 4, -1/28 HPs)
             Began as an Octopode Transmuter on Feb 2, 2017.
             Was a Follower of Cheibriados.
             Slain by a jackal (2 damage)
             ... on level 4 of the Dungeon.
             The game lasted 00:03:59 (1632 turns).

vatarom the Insei (Octopode Transmuter)             Turns: 1632, Time: 00:03:59

Health: -1/28      AC:  1    Str: 11    XL:     4   Next: 43%
Magic:  4/8        EV: 13    Int: 17    God:    Cheibriados [*.....]
Gold:   49         SH:  0    Dex: 15    Spells: 3 memorised, 2 levels left

rFire  . . .     SeeInvis .       - Unarmed
rCold  . . .     Gourm    .     (no shield)
rNeg   . . .     Faith    .     (helmet restricted)
rPois  .         Spirit   .     (no amulet)
rElec  .         Reflect  .     (no ring)
rCorr  .         Harm     .     (no ring)
MR     .....                    (no ring)
Stlth  ++........               (no ring)
                                (no ring)
                                (no ring)
                                (no ring)
                                (no ring)

@: very slow
A: almost no armour, stealthy swim, amphibious, 8 rings, constrict 8, camouflage
1, gelatinous body 1
a: Bend Time, Renounce Religion


You were on level 4 of the Dungeon.
You worshipped Cheibriados.
Cheibriados was aware of your devotion.
You were hungry.

You visited 1 branch of the dungeon, and saw 3 of its levels.

You collected 49 gold pieces.

Inventory:

Potions
 d - a potion of lignification
Books
 b - a book of Changes

   Spells                             Type                      Level
   a - Beastly Appendage              Transmutation                1
   b - Sticks to Snakes               Transmutation                2
   c - Spider Form                    Transmutation/Poison         3
   d - Ice Form                       Ice/Transmutation            4
   e - Blade Hands                    Transmutation                5
Comestibles
 c - 4 bread rations
 f - 2 fruits


   Skills:
 - Level 1.0 Fighting
 - Level 2.0 Dodging
 * Level 4.1 Unarmed Combat
 + Level 2.9 Spellcasting
 + Level 2.4 Transmutations


You had 2 spell levels left.
You knew the following spells:

 Your Spells              Type           Power        Failure   Level  Hunger
a - Beastly Appendage     Tmut           ##....       10%         1    None
b - Sticks to Snakes      Tmut           ##......     12%         2    ##.....
c - Spider Form           Tmut/Pois      #.........   38%         3    ###....


Dungeon Overview and Level Annotations

Branches:
Dungeon (2/15)

Altars:
Cheibriados


Innate Abilities, Weirdness & Mutations

You cannot wear most types of armour.
You are very stealthy in the water. (Stealth+)
You are amphibious.
You can wear up to eight rings at the same time.
You can use your tentacles to constrict eight enemies at once.
Your skin changes colour to match your surroundings (Stealth+).
Your rubbery body absorbs attacks. (AC +1, EV +1)


Message History

You closely miss the jackal. Your grab misses the jackal.
You squeeze the jackal.
The jackal is moderately wounded.
You constrict the jackal, but do no damage.
The jackal barely misses you. The jackal misses you.
The jackal barely misses you. x2; The jackal misses you.
Unknown command.
You tentacle-slap the jackal but do no damage.
Your grab misses the jackal. You constrict the jackal.
You kill the jackal!
Cheibriados appreciates the change of pace.
The jackal bites you.
* * * LOW HITPOINT WARNING * * *
The jackal closely misses you.
You tentacle-slap the jackal but do no damage.
You grab the jackal.
The jackal is moderately wounded.
You constrict the jackal, but do no damage.
The jackal barely misses you. The jackal bites you.
You die...

#.........#
#.........#
#.........#
#####....####.#
........#####)#
...............
.........####.##
...)...hh#....#
......$@†...#
.......†....#
........[...#
.........#+##
.........#
########.# .# .#


You could see 2 jackals.

Vanquished Creatures
  A worker ant (D:4)
  Terence (D:2)
  A worm (D:2)
  5 bats (D:1)
  3 giant cockroaches
  5 goblins
  5 hobgoblins
  3 jackals (D:4)
  3 kobolds
  2 frilled lizards
  2 rats
31 creatures vanquished.

Vanquished Creatures (collateral kills)
  A quokka (D:2)
  A bat (D:2)
  A frilled lizard (D:4)
  A kobold (D:2)
4 creatures vanquished.

Grand Total: 35 creatures vanquished

Notes
Turn   | Place    | Note
-------+----------+-------------------------------------------
     0 | D:1      | vatarom the Octopode Transmuter began the quest for the Orb.
     0 | D:1      | Reached XP level 1. HP: 13/13 MP: 3/3
   332 | D:1      | Reached XP level 2. HP: 16/18 MP: 5/5
   339 | D:1      | Learned a level 2 spell: Sticks to Snakes
   400 | D:1      | Found a snail-covered altar of Cheibriados.
   794 | D:1      | Became a worshipper of Cheibriados the Contemplative
   886 | D:1      | You fall through a shaft!
   889 | D:2      | Noticed Terence
   898 | D:2      | Killed Terence
   898 | D:2      | Reached XP level 3. HP: 23/23 MP: 1/7
  1233 | D:2      | Reached * piety under Cheibriados
  1520 | D:2      | Learned a level 3 spell: Spider Form
  1583 | D:2      | You fall through a shaft for 2 floors!
  1622 | D:4      | Reached skill level 4 in Unarmed Combat
  1622 | D:4      | Reached XP level 4. HP: 20/28 MP: 6/8
  1631 | D:4      | HP: 1/28 [jackal (3)]
  1632 | D:4      | Slain by a jackal

Skill      XL: |  1  2  3 |
---------------+----------+-----
Unarmed Combat | 4 |  4.1
Fighting       | |  1.0
Dodging        | |  2.0
Spellcasting   | |  2.9
Transmutations | |  2.4

Action                   |  1- 3 |  4- 6 || total
-------------------------+-------+-------++-------
Melee: Unarmed           |    81 |     9 ||    90
       Constrict         |    25 |     4 ||    29
       Kick              |     3 |       ||     3
       Tentacles         |     5 |     1 ||     6
       Punch             |     2 |       ||     2
 Cast: Beastly Appendage |     2 |       ||     2
       Sticks to Snakes  |    12 |       ||    12
Invok: Bend Time         |       |     1 ||     1
  Use: Scroll            |     4 |       ||     4
       Potion            |     4 |       ||     4
 Stab: Sleeping          |     5 |       ||     5
  Eat: Chunk             |     2 |       ||     2
Armor: Skin              |    18 |     2 ||    20
Dodge: Dodged            |    72 |    22 ||    94
